 Dungeon Crawl Stone Soup version 0.29.1-2-gbd0b4ee654 (webtiles) character file.

Game seed: 4393303293747019119

93 Icepheonix32 the Trooper (level 4, 0/41 HPs)
             Began as a Minotaur Fighter on Oct 24, 2022.
             Slain by a gnoll
             ... wielding a +0 club
              (4 damage)
             ... on level 2 of the Dungeon.
             The game lasted 00:01:36 (1170 turns).

Icepheonix32 the Trooper (Minotaur Fighter)         Turns: 1170, Time: 00:01:37

Health: 0/41       AC:  7    Str: 21    XL:     4   Next: 36%
Magic:  3/3        EV:  9    Int:  5    God:
Gold:   113        SH:  4    Dex: 11    Spells: 3/3 levels left

rFire   . . .      SeeInvis .   a - +0 war axe
rCold   . . .      Faith    .   c - +0 buckler
rNeg    . . .      Spirit   .   b - +0 scale mail
rPois   .          Reflect  .   (helmet restricted)
rElec   .          Harm     .   (no cloak)
rCorr   .          Rampage  .   (no gloves)
Will    .....                   (no boots)
Stlth   ..........              (no amulet)
HPRegen 0.13/turn               (no ring)
MPRegen 0.08/turn               (no ring)

@: no status effects
A: horns 2, retaliatory headbutt
a: no special abilities


You were on level 2 of the Dungeon.
You visited 1 branch of the dungeon, and saw 2 of its levels.

You collected 113 gold pieces.

Inventory:

Hand Weapons
 a - a +0 war axe (weapon)
Armour
 b - a +0 scale mail (worn)
 c - a +0 buckler (worn)
Jewellery
 e - a ring of ice
Scrolls
 f - a scroll of noise
 g - 2 scrolls of identify
 h - a scroll of silence
 i - a scroll of fear {unknown}
 j - a scroll of magic mapping {unknown}
 k - a scroll of immolation {unknown}
Potions
 d - a potion of might
 l - a potion of heal wounds {unknown}


   Skills:
 * Level 4.4 Fighting
 + Level 3.7 Axes
 + Level 4.2 Armour
 + Level 0.6 Dodging
 + Level 4.3 Shields


You had 3 spell levels left.
You didn't know any spells.
Your spell library contained the following spells:

 Spells                   Type           Power      Damage    Failure   Level
 Sting                    Tmut/Pois      0%         1d3       88%         1
 Poisonous Vapours        Pois/Air       0%         N/A       95%         2
 Olgreb's Toxic Radiance  Pois           0%         N/A       100%        4


Dungeon Overview and Level Annotations

Branches:
Dungeon (2/15)

Altars:


Innate Abilities, Weirdness & Mutations

You have a pair of horns on your head.
You reflexively headbutt those who attack you in melee.


Message History

You hit the gnoll.
The gnoll is heavily wounded.
You closely miss the gnoll. You barely miss the gnoll.
The gnoll closely misses you. You furiously retaliate!
You headbutt the gnoll! The gnoll hits you with a +0 whip.
The gnoll hits you with a +0 club.
You are too injured to fight recklessly!
You are too injured to fight recklessly!
You are too injured to fight recklessly!
You hit the gnoll.
You kill the gnoll!
You hit the gnoll. You barely miss the gnoll.
The gnoll hits you but does no damage. The gnoll barely misses you.
You block the gnoll's attack. The gnoll barely misses you.
Unknown command.
You barely miss the gnoll. Your headbutt misses the gnoll.
The gnoll is heavily wounded.
You hit the gnoll but do no damage.
The gnoll hits you but does no damage. x2
You hit the gnoll.
The gnoll is severely wounded.
You hit the gnoll. The gnoll completely misses you.
The gnoll hits you but does no damage.
You hit the gnoll.
The gnoll is almost dead.
You closely miss the gnoll. You block the gnoll's attack.
The gnoll barely misses you. You furiously retaliate!
You headbutt the gnoll!
You kill the gnoll!
The gnoll hits you with a +0 club!
* * * LOW HITPOINT WARNING * * *
Unknown command.
You barely miss the gnoll.
The gnoll is severely wounded.
The gnoll hits you but does no damage.
You barely miss the gnoll. You headbutt the gnoll.
The gnoll is almost dead.
The gnoll hits you with a +0 club.
* * * LOW HITPOINT WARNING * * *
You barely miss the gnoll.
The gnoll is almost dead.
You block the gnoll's attack. The gnoll hits you with a +0 club.
You die...

###.#############
#................>
.........<........
..............."..
..................
.................
#.!...))g......
#......@.......
#......#+#.....
###+# #....(## ...
....# ##...## .
##'## ##'## .
#...## ##...## .#
.....## ##.....##.#
..♣...#++.......''#
.....##.##.....##.#


You could see a gnoll.

Vanquished Creatures
  6 gnolls (D:2)
  An adder (D:2)
  A dart slug (D:1)
  4 endoplasms
  2 giant cockroaches (D:2)
  A goblin (D:1)
  3 hobgoblins (D:1)
  A kobold (D:2)
  A quokka (D:1)
  3 ball pythons
  2 bats (D:2)
  2 frilled lizards
  A rat (D:1)
28 creatures vanquished.

Notes
Turn   | Place    | Note
-------+----------+-------------------------------------------
     0 | D:1      | Icepheonix32 the Minotaur Fighter began the quest for the
                  | Orb.
     0 | D:1      | Reached XP level 1. HP: 19/19 MP: 0/0
   226 | D:1      | Found a faded altar of an unknown god.
   235 | D:1      | Reached XP level 2. HP: 25/27 MP: 1/1
   545 | D:2      | Reached XP level 3. HP: 16/33 MP: 2/2
  1147 | D:2      | Reached XP level 4. HP: 41/41 MP: 3/3
  1170 | D:2      | Slain by a gnoll

Illustrated notes

Levels and vault maps discovered:
D:1:      mrwooster_arrival_statue_2, layout_rooms,
          ebering_ecumenical_altar_ruins, minmay_tree_intersection
D:2:      layout_basic, nicolae_hexahallways

Skill      XL: |  1  2 |
---------------+-------+-----
Shields        | 4 |  4.3
Axes           | 3 |  3.7
Armour         | 4 |  4.2
Fighting       | 4 |  4.4
Dodging        | |  0.6

Action                   |  1- 3 |  4- 6 || total
-------------------------+-------+-------++-------
Melee: War axe           |    61 |    11 ||    72
       Headbutt          |     4 |     1 ||     5
  Use: Scroll            |     2 |       ||     2
       Potion            |     1 |       ||     1
Armor: Scale mail        |    24 |     6 ||    30
Dodge: Dodged            |    42 |     8 ||    50
Block: Buckler           |    13 |     3 ||    16
